 Dungeon Crawl Stone Soup version 0.30.1-4-g462c640d31 (webtiles) character file.

Game seed: 5886789036540929510

120 arthad the Shield-Bearer (level 5, 0/42 HPs)
             Began as a Formicid Fighter on Aug 26, 2023.
             Slain by an orc
             ... wielding a +0 mace
              (4 damage)
             ... on level 3 of the Dungeon.
             The game lasted 00:06:43 (2129 turns).

arthad the Shield-Bearer (Formicid Fighter)         Turns: 2129, Time: 00:06:44

Health: 0/42       AC:  9    Str: 22    XL:     5   Next: 25%
Magic:  5/5        EV:  9    Int:  8    God:
Gold:   116        SH:  5    Dex: 13    Spells: 4/4 levels left

rFire   . . .        a - +0 war axe
rCold   . . .        c - +0 buckler
rNeg    . . .        b - +0 scale mail
rPois   .            (helmet unavailable)
rElec   .            n - +0 cloak
rCorr   .            f - +0 pair of gloves
SInv    +            (no boots)
Will    .....        (no amulet) Stlth
                     (no ring)
HPRegen 0.27/turn    (no ring)
MPRegen 0.09/turn

%: no passive effects
@: no status effects
A: permanent stasis, dig shafts and tunnels, antennae 3, four strong arms
a: Dig, Shaft Self


You were on level 3 of the Dungeon.
You visited 1 branch of the dungeon, and saw 3 of its levels.

You collected 116 gold pieces.

Inventory:

Hand Weapons
 a - a +0 war axe (weapon)
 j - a +2 mace of draining
 m - the +6 dagger of the Eleven Songs {freeze, rElec Str+6}
   (You found it on level 2 of the Dungeon)

   Str:       It affects your strength (+6).
   rElec:     It insulates you from electricity.
 s - a +2 heavy hand axe
Missiles
 v - 5 poisoned darts
Armour
 b - a +0 scale mail (worn)
 c - a +0 buckler (worn)
 f - a +0 pair of gloves (worn)
 n - a +0 cloak (worn)
Wands
 u - a wand of acid (6)
Scrolls
 e - a scroll of acquirement {unknown}
 g - a scroll of blinking {unknown}
 h - 2 scrolls of identify {unknown}
 i - a scroll of noise {unknown}
 l - 2 scrolls of amnesia {unknown}
 o - 3 scrolls of teleportation {unknown}
 t - a scroll of brand weapon {unknown}
Potions
 d - a potion of might
 k - a potion of haste {unknown}
 p - 3 potions of heal wounds {unknown}
 q - a potion of invisibility {unknown}
 r - 2 potions of degeneration {unknown}


   Skills:
 + Level 4.1 Fighting
 + Level 3.0 Axes
 + Level 4.1 Armour
 + Level 5.0 Shields


You had 4 spell levels left.
You didn't know any spells.
Your spell library contained the following spells:

 Spells                   Type           Power      Damage    Failure   Level
 Static Discharge         Conj/Air       0%         2-2/arc   90%         2
 Stone Arrow              Conj/Erth      0%         3d7       99%         3
 Airstrike                Air            0%         2d(0-16)  100%        4
 Animate Armour           Summ/Erth      0%         N/A       100%        4
 Summon Lightning Spire   Summ/Air       0%         N/A       100%        4
 Lehudib's Crystal Spear  Conj/Erth      0%         10d2      100%        8


Dungeon Overview and Level Annotations

Branches:
Dungeon (3/15)

Altars:
Sif Muna


Innate Abilities, Weirdness & Mutations

You cannot be hasted, slowed, berserked, paralysed or teleported.
You can dig through walls and to a lower floor.
You have a pair of large antennae on your head. (SInv)
Your four strong arms can wield two-handed weapons with a shield.


Message History

You are too injured to fight recklessly!
You are too injured to fight recklessly!
You are too injured to fight recklessly!
You are too injured to fight recklessly!
You are too injured to fight recklessly!
You are too injured to fight recklessly!
You are too injured to fight recklessly!
You are too injured to fight recklessly!
You are too injured to fight recklessly!
Unknown command.
You hit the orc.
The orc is severely wounded.
You hit the orc.
You kill the orc!
You feel sick. The orc barely misses you. The orc hits you but does no damage.
You hit the orc but do no damage.
The orc is severely wounded.
You feel sick. The orc barely misses you. The orc closely misses you.
You block the orc's attack.
The orc hits you from afar with a +0 trident.
* * * LOW HITPOINT WARNING * * *
You closely miss the orc.
The orc is severely wounded.
You feel sick. The orc hits you with a +0 mace.
* * * LOW HITPOINT WARNING * * *
The orc barely misses you.
You closely miss the orc.
The orc is severely wounded.
You feel sick. You block the orc's attack. The orc hits you but does no damage.
You closely miss the orc.
The orc is severely wounded.
You feel sick.
You are no longer poisoned.
The orc hits you but does no damage. x2; The orc barely misses you. x2
You hit the orc.
The orc is severely wounded.
The orc hits you from afar with a +0 trident.
* * * LOW HITPOINT WARNING * * *
The orc hits you with a +0 mace.
You die...

###.# ....## ######
#####+#....# .....#
#.....)....### ..^..#
.............# .....#
{.............# .....#
{.....o)).....# .....#
......o@.†...# .....#
...######'#### .....# #.#
.....#############.#
.....##............#######
..>..)....................
'#.####............#######
.#.#
#.................#####
.#.#
############......+...#


You could see 2 orcs.

Vanquished Creatures
  Natasha (twice) (D:2)
  An adder (D:2)
  A gnoll (D:1)
  A dart slug (D:1)
  3 orcs (D:3)
  3 endoplasms
  A giant cockroach (D:1)
  3 goblins (D:1)
  9 hobgoblins
  2 jackals (D:1)
  A quokka (D:1)
  4 ball pythons
  5 bats
  2 frilled lizards
  3 kobolds (D:2)
  6 rats
47 creatures vanquished.

Notes
Turn   | Place    | Note
-------+----------+-------------------------------------------
     0 | D:1      | arthad the Formicid Fighter began the quest for the Orb.
     0 | D:1      | Reached XP level 1. HP: 18/18 MP: 1/1
   178 | D:1      | Reached XP level 2. HP: 24/24 MP: 2/2
   425 | D:1      | Reached XP level 3. HP: 29/29 MP: 3/3
   597 | D:2      | Identified the +6 dagger of the Eleven Songs {freeze, rElec
                  | Str+6}
   739 | D:2      | Found a shimmering blue altar of Sif Muna.
   943 | D:2      | Noticed Natasha
   961 | D:2      | Killed Natasha
   962 | D:2      | Reached XP level 4. HP: 19/37 MP: 4/4
  1684 | D:2      | Noticed Natasha
  1696 | D:2      | Killed Natasha
  1697 | D:2      | Reached XP level 5. HP: 18/42 MP: 5/5
  1993 | D:3      | Found a faded altar of an unknown god.
  2075 | D:3      | Reached skill level 5 in Shields
  2129 | D:3      | Slain by an orc

Illustrated notes

Levels and vault maps discovered:
D:1:      dpeg_arrival_solitude, layout_basic
D:2:      layout_loops_corners, basic_altar, amethyst_killhole, uniq_natasha
D:3:      layout_basic, good_gods_mini_temple, basic_ecumenical_altar

Skill      XL: |  1  2  3  4  5 |
---------------+----------------+-----
Fighting       | 4 |  4.1
Armour         | 4 |  4.1
Axes           | 3 |  3.0
Shields        | 5 |  5.0

Action                     |  1- 3 |  4- 6 || total
---------------------------+-------+-------++-------
  Melee: War axe           |    97 |    84 ||   181
    Use: Potion            |     1 |       ||     1
 Armour: Scale mail        |    50 |    49 ||    99
  Dodge: Dodged            |    50 |    53 ||   103
  Block: Buckler           |    21 |    27 ||    48
